AoeStats
← clf730928

Pilgrims

509139570Analyzed
3v3 RM · 6d ago on Sep 25, 2026· 44m 4s· 6 players
Game mode
Random Map
Map size
Normal (6 player)
Population
200
Speed
Normal
Resources
Standard
Victory
Conquest
Starting age
Dark Age
Ending age
Imperial Age
RankedLock teamsTeams togetherTeam positionsShared explorationLock speedFull tech treeHidden civsTurbo modeCheats
Victory
Defeat
🇧🇾 Turks · Belarus
938
+12
🇹🇼 Spanish · Taiwan
848
+15
🇹🇼 Vietnamese · Taiwan
821
+17
🇺🇸 Magyars · United States
863
-16
🇨🇿 Franks · Czechia
822
-14
🇩🇰 Lithuanians · Denmark
821
-14
Teblu
11:24 Feudal Age
9:40 Loom
12:07 Double-Bit Axe
18:05 Castle Age
17:35 Fishing Lines
18:46 Scale Barding Armor
19:02 Bloodlines
18:53 Husbandry
20:35 Gillnets
27:08 Chain Barding Armor
44:45 Imperial Age
amx™ (SPREAD LOVE)
13:48 Feudal Age
19:20 Castle Age
17:17 Double-Bit Axe
21:23 Gold Mining
23:23 Forging
28:03 Scale Barding Armor
32:36 Husbandry
32:31 Stone Mining
Brabus88
4:50 Loom
8:16 Feudal Age
9:22 Double-Bit Axe
18:06 Castle Age
18:12 Stone Mining
20:45 Fervor
26:43 Husbandry
28:05 Forging
28:46 Gold Mining
clf730928
4:56 Loom
11:48 Feudal Age
14:32 Double-Bit Axe
14:46 Gold Mining
14:49 Stone Mining
15:50 Fishing Lines
18:56 Castle Age
17:58 Fletching
19:11 Horse Collar
19:35 Town Watch
20:25 Wheelbarrow
24:35 Husbandry
24:46 Bloodlines
28:39 Murder Holes
29:05 Ballistics
30:04 Masonry
34:38 Medium Warships
34:18 Gillnets
35:36 Heavy Plow
37:22 Forging
37:13 Scale Mail Armor
37:20 Scale Barding Armor
37:11 Bodkin Arrow
44:03 Imperial Age
41:51 Fortified Wall
42:12 Bow Saw
42:25 Chain Barding Armor
42:41 Iron Casting
42:06 Scale Mail Armor
42:07 Padded Archer Armor
43:51 Stone Shaft Mining
43:54 Hand Cart
Ezer
4:30 Loom
13:32 Feudal Age
18:32 Castle Age
16:49 Gold Mining
16:53 Stone Mining
16:56 Double-Bit Axe
17:31 Horse Collar
22:47 Gold Shaft Mining
22:24 Bow Saw
22:10 Fishing Lines
24:43 Fletching
27:33 Wheelbarrow
26:44 Town Watch
26:57 Bodkin Arrow
27:03 Padded Archer Armor
34:27 Hand Cart
35:25 Heavy Plow
35:38 Gillnets
37:39 Leather Archer Armor
39:59 Imperial Age
38:36 Bloodlines
38:27 Husbandry
38:56 Ballistics
40:24 Elite Janissary
42:13 Ring Archer Armor
43:33 Hoardings
43:19 Conscription
44:32 Forging
44:28 Scale Barding Armor
44:24 Bracer
cynthia180319
8:38 Loom
10:05 Loom
17:26 Feudal Age
33:03 Castle Age
32:32 Fletching
32:42 Padded Archer Armor
34:35 Horse Collar
34:47 Double-Bit Axe
37:40 Bow Saw
39:36 Elite Skirmisher
Connection lost

Rejoining the realm…

Still unreachable

The connection could not be restored.

Session expired

The server has moved on; the page needs a fresh start.